Map: Dash and Terminal LE (Void)

Players

wabbajack

  • Race: Zerg Zerg
  • League: Gold

Atros - Winner!

  • Race: Zerg Zerg
  • League: Silver

VOD

Have the link to the VOD?

Description

Time

  • Played on: July 19, 2015, 8:05 p.m.
  • Length: 7:46
Show
View Real Time Build Order
Export as new Build Order

wabbajack Zerg 

Build Orders: Hatch First 

Get SALT Encoding   

  12  0:01  Drone  
  13  0:18  Overlord  
  13  0:19  Drone  
  14  0:23  Extractor  
  14  0:24  Drone  
  15  0:36  Drone  
  15  0:40  Drone  
  17  0:55  Hatchery  
  16  0:58  Drone  
  16  1:01  Extractor  
  16  1:03  Drone  
  17  1:13  Drone  
  18  1:22  Spawning Pool  
  17  1:34  Drone x2  
  19  2:01  Overlord  
  19  2:03  Drone  
  20  2:11  Queen  
  20  2:14  Queen  
  24  2:24  Metabolic Boost  
  24  2:25  Drone  
  24  2:26  Drone x3  
  28  2:33  Zergling x4  
  28  2:35  Extractor  
  29  2:39  Zergling x2  
  26  3:00  Drone  
  26  3:01  Drone x3  
  30  3:10  Roach Warren, Drone  
  30  3:13  Overlord  
  30  3:16  Drone  
  31  3:22  Spine Crawler  
  28  3:47  Overlord  
  28  3:50  Roach  
  28  3:51  Roach x6  
  42  3:59  Overlord  
  42  4:13  Drone  
  42  4:16  Drone  
  44  4:19  Drone  
  44  4:21  Drone  
  44  4:22  Roach  
  44  4:23  Roach x3  
  54  4:25  Roach  
  54  4:30  Roach  
  58  4:33  Roach  
  59  5:20  Overlord x3  
  59  5:23  Roach Warren, Queen  
  60  5:28  Lair  
  60  5:32  Spine Crawler  
  59  5:39  Zergling x2  
  59  5:40  Zergling x22  
  39  6:35  Extractor  
  39  6:39  Roach  
  34  6:40  Roach x9  
  50  6:49  Queen  
  38  7:09  Roach  
  38  7:10  Roach x4  
  38  7:11  Zergling x16  
Show
View Real Time Build Order
Export as new Build Order

Atros Zerg - Winner!

Build Orders: Pool First 

Get SALT Encoding   

  12  0:01  Drone  
  13  0:12  Overlord  
  13  0:18  Drone  
  14  0:31  Drone x2  
  16  0:43  Drone  
  16  0:48  Spawning Pool  
  16  0:51  Drone  
  17  1:01  Drone  
  18  1:15  Hatchery  
  17  1:20  Drone, Extractor  
  17  1:22  Drone  
  18  1:29  Drone  
  19  1:36  Queen  
  19  1:39  Zergling x2  
  22  1:50  Overlord  
  22  2:11  Drone  
  22  2:12  Drone  
  24  2:26  Drone  
  24  2:28  Drone  
  24  2:29  Queen  
  28  2:36  Drone  
  29  2:48  Drone x6  
  35  2:52  Metabolic Boost  
  35  2:54  Zergling x2  
  35  3:03  Zergling x2  
  35  3:04  Overlord  
  36  3:09  Overlord  
  36  3:11  Overlord  
  37  3:27  Roach Warren, Zergling x10  
  40  3:39  Queen  
  40  3:53  Zergling x14  
  47  4:03  Overlord x2  
  47  4:22  Drone x5  
  47  4:23  Drone x2  
  54  4:36  Spine Crawler, Roach x2  
  57  4:40  Queen  
  57  4:42  Roach  
  61  4:48  Roach, Extractor x2  
  57  4:53  Roach x2  
  57  4:59  Overlord x3  
  59  5:05  Roach x2  
  58  5:14  Roach  
  58  5:17  Extractor  
  58  5:23  Zergling x10  
  63  5:33  Roach x4  
  63  5:34  Roach  
  73  5:36  Zergling x2  
  73  5:37  Zergling x6  
  79  5:43  Roach  
  79  5:50  Roach  
  79  6:02  Roach x8  
  92  6:06  Roach  
  89  6:15  Roach x3  
  89  6:38  Hatchery  
  87  6:40  Roach  
  87  6:41  Roach x3  
  95  6:47  Lair  
  93  7:03  Roach x4  
  97  7:12  Roach x3  
  99  7:20  Overlord x2  
Tags
 
Add a new tag
Caveats
  • Supply blocks, unpowered buildings, or Contaminate may cause inaccurate times.
  • Supply counts are checked every 10 seconds.